 Dungeon Crawl Stone Soup version 0.27.1-33-g824d729ab1 (webtiles) character file.

Game seed: 10880018244290278965

5073 pkoi the Grappler (level 10, -13/77 HPs)
             Began as a Purple Draconian Fighter on Dec 7, 2021.
             Was a Priest of Okawaru.
             Mangled by a death knight (19 damage)
             ... on level 8 of the Dungeon on Dec 8, 2021.
             The game lasted 00:12:33 (12558 turns).

pkoi the Grappler (Purple Draconian Fighter)       Turns: 12558, Time: 00:12:33

Health: -13/77     AC: 14    Str: 19    XL:     10   Next: 31%
Magic:  13/13      EV: 18    Int: 11    God:    Okawaru [***...]
Gold:   431        SH:  0    Dex: 11    Spells: 6/13 levels left

rFire    . . .     SeeInvis .     - Unarmed
rCold    . . .     Faith    .   (no shield)
rNeg     . . .     Spirit   .   (armour unavailable)
rPois    .         Reflect  .   i - +1 hat
rElec    .         Harm     .   (no cloak)
rCorr    .         Rampage  .   (no gloves)
Will     +....                  g - +1 pair of boots
Stlth    +.........             (no amulet)
HPRegen  0.22/turn              o - +4 ring of evasion
MPRegen  0.13/turn              c - +4 ring of protection

@: short of breath
A: breathe power, AC +7, unfitting armour, cold-blooded
a: Breathe Dispelling Energy, Renounce Religion, Heroism


You were on level 8 of the Dungeon.
You worshipped Okawaru.
Okawaru was most pleased with you.
You visited 3 branches of the dungeon, and saw 11 of its levels.

You collected 431 gold pieces.

Inventory:

Hand Weapons
 h - a +3 dagger of flaming
 s - a +0 whip of venom
Armour
 a - a +0 kite shield
 g - a +1 pair of boots (worn)
 i - a +1 hat (worn)
Jewellery
 c - a +4 ring of protection (right hand)
 d - a ring of positive energy
 o - a +4 ring of evasion (left hand)
Wands
 n - a wand of mindburst (12)
 q - a wand of paralysis (8)
 r - a wand of flame (38)
Scrolls
 e - a scroll of brand weapon
 j - a scroll of magic mapping
 k - a scroll of blinking
 m - 4 scrolls of identify
 p - 2 scrolls of enchant weapon
Potions
 b - a potion of flight
 f - 2 potions of curing
 l - a potion of haste
 t - a potion of heal wounds


   Skills:
 - Level 3.2 Fighting
 + Level 6.4 Dodging
 - Level 3.0 Shields
 + Level 11.3 Unarmed Combat
 - Level 2.1 Spellcasting
 + Level 3.5 Conjurations
 - Level 1.7 Transmutations
 + Level 3.6 Fire Magic
 - Level 1.8 Poison Magic
 + Level 5.0 Invocations


You had 6 spell levels left.
You knew the following spells:

 Your Spells              Type           Power      Damage    Failure   Level
a - Ignite Poison         Fire/Tmut/Pois 6%         N/A       32%         3
b - Sticky Flame          Conj/Fire      9%         2d3       54%         4

Your spell library contained the following spells:

 Spells                   Type           Power      Damage    Failure   Level
 Conjure Flame            Conj/Fire      9%         6-21      21%         3
 Summon Small Mammal      Summ           4%         N/A       28%         1
 Call Canine Familiar     Summ           1%         N/A       65%         3
 Summon Guardian Golem    Hex/Summ       1%         N/A       65%         3


Dungeon Overview and Level Annotations

Branches:
Dungeon (9/15)             Temple (1/1) D:6            Lair (1/6) D:8
    Orc: D:9-12

Altars:
Ashenzari
Dithmenos
Elyvilon
Fedhas
Gozag
Hepliaklqana
Makhleb
Nemelex Xobeh
Okawaru
Qazlal
Ru
Sif Muna
Trog
Vehumet
Wu Jian
Xom
Zin
The Shining One

Shops:
D:6 *


Innate Abilities, Weirdness & Mutations

You can breathe bolts of dispelling energy.
Your rich purple scales are hard. (AC +7)
You cannot fit into any form of body armour.
You are cold-blooded and may be slowed by cold attacks.


Message History

The death knight hits you from afar with a +0 halberd!
The death knight hits you with a +0 halberd.
You punch the death knight!
You tail-slap the death knight, but do no damage.
You punch the death knight!
The death knight is moderately wounded.
You punch the death knight!
The death knight is heavily wounded.
The death knight barely misses you.
You closely miss the death knight.
You tail-slap the death knight, but do no damage.
You punch the death knight!
The death knight is severely wounded.
You feel like a meek peon again.
The death knight offers itself to Yredelemnul, and fills with unholy energy.
You punch the death knight!
The death knight is almost dead.
The death knight reflects your damage back at you!
You punch the death knight!
You tail-slap the death knight, but do no damage.
The death knight is almost dead.
The death knight reflects your damage back at you!
* * * LOW HITPOINT WARNING * * *
The death knight hits you with a +0 halberd!!
* * * LOW HITPOINT WARNING * * *
The death knight mumbles some strange prayers to Yredelemnul against you.
Your body is wracked with pain!
* * * LOW HITPOINT WARNING * * *
There is an open door here.
The death knight's dark mirror aura disappears.
Press: ? - help, Shift-Dir - straight line, f - death knight
Aim: a death knight, wielding a +0 halberd and wearing a +0 chain mail (almost dead)
You breathe a bolt of dispelling energy.
The bolt of dispelling energy hits the death knight.
The death knight is almost dead.
The death knight calls down the wrath of Yredelemnul upon you.
Your body is wracked with pain!
* * * LOW HITPOINT WARNING * * *
The death knight hits you with a +0 halberd!!
You die...

#.########.....## #.<...).>.
#p.## ##.......## ###.......
##...####.........####...#....
#.......'.........'...........
#....##.#.........####...##.#.
#..>###.##.......## ##.....#.
#..####.###.....## ##..###.
#....##.# ##...## #..# #.
#.##.##.# ##@## #..###.
#.##.##.#####p###### #......
#.............)....# ##.####
####.##...#8..8#...# #.#
#.##..##....##..######.#
#.##.##......##........#
#p#..###....###..#######
#.#..##########..#
#....#⌠......⌠#..#


You could see a death knight.

Vanquished Creatures
  A two-headed ogre (D:7)
  2 gargoyles
  A troll (D:6)
  A hornet (D:7)
  Sigmund (D:4)
  5 yaks
  Edmund (D:4)
  4 water moccasins
  Duvessa (D:7)
  An orc warrior (D:7)
  2 necrophages (D:9)
  A sky beast (D:7)
  2 ogres
  2 centaurs
  A kobold brigand (D:8)
  2 bullfrogs
  A gnoll sergeant (D:8)
  A wyvern zombie (D:8)
  Dowan (D:7)
  3 scorpions
  A water moccasin skeleton (D:4)
  A wight (D:9)
  3 howler monkeys
  A centaur zombie (D:7)
  A jelly (D:6)
  4 hounds
  A gnoll shaman (D:8)
  2 iguanas
  A killer bee zombie (D:5)
  2 howler monkey skeletons
  14 gnolls
  7 adders
  A shadow imp (D:5)
  A white imp (D:5)
  A worm (D:2)
  A dart slug (D:2)
  10 orcs
  4 endoplasms
  A giant cockroach (D:1)
  2 goblins
  4 hobgoblins
  4 jackals (D:3)
  2 quokkas (D:2)
  6 ball pythons
  2 bats
  2 frilled lizards
  11 kobolds
  4 rats
128 creatures vanquished.

Vanquished Creatures (others)
  A plant (D:4)
1 creature vanquished.

Grand Total: 129 creatures vanquished

Notes
Turn   | Place    | Note
-------+----------+-------------------------------------------
     0 | D:1      | pkoi the Draconian Fighter began the quest for the Orb.
     0 | D:1      | Reached XP level 1. HP: 19/19 MP: 1/1
   396 | D:1      | Reached XP level 2. HP: 26/26 MP: 2/2
   693 | D:1      | Found a faded altar of an unknown god.
  1088 | D:2      | Reached skill level 3 in Unarmed Combat
  1475 | D:2      | Reached XP level 3. HP: 28/31 MP: 3/3
  1782 | D:2      | Reached skill level 4 in Unarmed Combat
  2221 | D:2      | Reached XP level 4. HP: 38/38 MP: 4/4
  2587 | D:3      | Found an ornate altar of the Wu Jian Council.
  2587 | D:3      | Found a stormy altar of Qazlal.
  2939 | D:3      | Reached skill level 5 in Unarmed Combat
  3179 | D:3      | Found an iron altar of Okawaru.
  3347 | D:2      | Reached XP level 5. HP: 36/45 MP: 5/5
  3902 | D:4      | Reached skill level 6 in Unarmed Combat
  4048 | D:4      | Reached XP level 6. HP: 38/51 MP: 6/6
  4709 | D:4      | Identified a scroll of acquirement
  4709 | D:4      | Acquired a +4 ring of protection
  4871 | D:4      | Noticed Sigmund
  4877 | D:4      | Noticed Edmund
  4911 | D:4      | Killed Edmund
  4912 | D:4      | Reached skill level 7 in Unarmed Combat
  4945 | D:4      | Killed Sigmund
  4946 | D:4      | Your scales start taking on a rich purple colour.
  4946 | D:4      | Reached XP level 7. HP: 30/57 MP: 7/7
  5494 | D:4      | Found a bloodstained altar of Trog.
  5753 | D:5      | Entered Level 5 of the Dungeon
  5814 | D:5      | Learned a level 3 spell: Ignite Poison
  5912 | D:5      | Reached skill level 8 in Unarmed Combat
  6083 | D:5      | Found a sacrificial altar of Ru.
  6218 | D:5      | Became a worshipper of Ru the Awakened
  6477 | D:6      | Noticed a troll
  6521 | D:6      | Noticed a yak
  6521 | D:6      | Noticed a yak
  6521 | D:6      | Noticed a yak
  6521 | D:6      | Noticed a yak
  6521 | D:6      | Noticed a yak
  6546 | D:5      | Killed a yak
  6552 | D:5      | Killed a yak
  6553 | D:5      | Reached skill level 9 in Unarmed Combat
  6553 | D:5      | Reached XP level 8. HP: 23/63 MP: 8/8
  7080 | D:6      | Killed a troll
  7204 | D:6      | Found Kaxuhuxy's General Store.
  7305 | D:6      | Found a staircase to the Ecumenical Temple.
  7314 | D:6      | Reached skill level 10 in Unarmed Combat
  7316 | Temple   | Entered the Ecumenical Temple
  7660 | D:3      | Fell from the grace of Ru
  7660 | D:3      | Became a worshipper of Warmaster Okawaru
  7766 | D:6      | Reached skill level 1 in Invocations
  7780 | D:6      | Reached skill level 5 in Dodging
  7930 | D:6      | Found a shimmering altar of Xom.
  8162 | D:6      | Noticed a gargoyle
  8169 | D:6      | Killed a gargoyle
  8169 | D:6      | Reached * piety under Okawaru
  8170 | D:6      | Reached XP level 9. HP: 70/70 MP: 9/11
  8192 | D:6      | Learned a level 4 spell: Sticky Flame
  8565 | D:7      | Reached skill level 1 in Spellcasting
  8580 | D:7      | Reached skill level 1 in Conjurations
  8580 | D:7      | Reached skill level 1 in Transmutations
  8580 | D:7      | Reached skill level 1 in Fire Magic
  8580 | D:7      | Reached skill level 1 in Poison Magic
  9209 | D:7      | Found a broken altar of Ashenzari.
  9877 | D:7      | Noticed Duvessa
  9877 | D:7      | Noticed Dowan
  9898 | D:7      | Killed Duvessa
  9921 | D:7      | Killed Dowan
 10244 | D:7      | Reached ** piety under Okawaru
 10517 | D:8      | Found a staircase to the Lair.
 10521 | D:8      | Noticed a death knight
 10567 | D:8      | Noticed a two-headed ogre
 10673 | D:7      | Killed a two-headed ogre
 10674 | D:7      | Reached skill level 11 in Unarmed Combat
 10674 | D:7      | Reached XP level 10. HP: 13/77 MP: 13/13
 11293 | D:8      | Found a sparkling altar of Nemelex Xobeh.
 11302 | D:8      | Found a white marble altar of Elyvilon.
 11551 | D:8      | Reached *** piety under Okawaru
 11754 | D:8      | Noticed a gargoyle
 11767 | D:8      | Killed a gargoyle
 12174 | Lair:1   | Entered Level 1 of the Lair of Beasts
 12174 | Lair:1   | Noticed a seven-headed hydra
 12471 | D:9      | Reached skill level 5 in Invocations
 12558 | D:8      | Mangled by a death knight

Illustrated notes

Levels and vault maps discovered:
D:1:      sevenhm_arrival_forest_fort_small_4, layout_basic,
          dilly_ecumenical_altar_fadedgnrine
D:2:      layout_loops_ring, hangedman_decor_slide_cut
D:3:      layout_basic, okawaru_altar_gauntlet_db,
          gammafunk_temple_overflow_wave
D:4:      layout_basic, mainiacjoe_overflow_alcove_1, chequers_mini_garden,
          sigmund_edmund_badplayer
D:5:      layout_rooms, mainiacjoe_overflow_chevrons, roderic_cross_of_infinity
D:6:      layout_basic, lemuel_crystal_altar, temple_green, serial_shops,
          nicolae_shop_stone
D:7:      layout_cave_pods, ashenzari_conservatory_becter,
          hangedman_abyss_or_decor_jellyfish_corner, uniq_duvessa
D:8:      layout_loops_corners, jmf_multi_god_temple, lair_entry_dummy
D:9:      layout_cave_pools, kennysheep_little_box, lemuel_round_altar,
          serial_undead, serial_undead_d, serial_undead_e, serial_undead_e,
          serial_undead_f
Temple:   compressed_dpeg_triangle_lava_temple
Lair:1:   layout_chaotic_city

Skill      XL: |  1  2  3  4  5  6  7  8  9 10 |
---------------+-------------------------------+-----
Unarmed Combat | 3 4 5 6 7 9 10 11 | 11.3
Dodging        | 3 5 6 |  6.4
Invocations    | 2 4 5 |  5.0
Spellcasting   | 2 |  2.1
Conjurations   | 2 3 |  3.5
Transmutations | 1 |  1.7
Fire Magic     | 2 3 |  3.6
Poison Magic   | 1 |  1.8
Fighting       | |  3.2
Shields        | |  3.0

Action                   |  1- 3 |  4- 6 |  7- 9 | 10-12 || total
-------------------------+-------+-------+-------+-------++-------
Melee: Unarmed           |   115 |   139 |   248 |   127 ||   629
       Tailslap          |    14 |    22 |    27 |    21 ||    84
       Punch             |     1 |     3 |    12 |     6 ||    22
       Whip              |       |       |    34 |       ||    34
Invok: Heroism           |       |       |       |     1 ||     1
 Abil: Breathe Dispellin |       |       |     2 |     1 ||     3
  Use: Scroll            |     3 |     5 |     3 |     1 ||    12
       Potion            |       |     4 |     5 |       ||     9
 Stab: Sleeping          |     1 |     1 |     1 |       ||     3
Armor: Skin              |    37 |    36 |    61 |    26 ||   160
Dodge: Dodged            |    65 |    84 |   196 |    86 ||   431
